Map: Lerilak Crest

Players

Kierkegaard - Winner!

  • Race: Terran Terran
  • League: Gold

capac

  • Race: Terran Terran
  • League: Gold

VOD

Have the link to the VOD?

Description

Time

  • Played on: Feb. 17, 2016, 10:32 a.m.
  • Length: 16:02
Show
View Real Time Build Order
Export as new Build Order

Kierkegaard Terran - Winner!

Build Orders: MMM Bio 

Get SALT Encoding   

  12  0:01  SCV  
  13  0:13  SCV  
  14  0:24  Supply Depot  
  14  0:25  SCV  
  15  0:46  SCV  
  15  0:48  Barracks  
  16  0:54  Refinery  
  16  0:58  SCV  
  16  0:59  Supply Depot  
  17  1:04  Refinery  
  17  1:10  SCV  
  18  1:22  SCV  
  19  1:35  Orbital Command  
  19  1:37  Marine  
  20  1:46  Engineering Bay  
  20  1:51  Factory  
  20  1:57  Barracks Tech Lab  
  20  2:01  SCV  
  21  2:07  Supply Depot  
  21  2:13  SCV  
  22  2:15  Marine  
  23  2:25  SCV  
  24  2:33  Marine  
  24  2:37  Starport, Factory Tech Lab  
  25  2:39  SCV  
  26  2:51  SCV  
  26  2:53  Marine  
  26  2:55  Stimpack  
  28  3:00  Siege Tank  
  28  3:03  SCV  
  32  3:11  Supply Depot  
  32  3:12  Marine  
  32  3:13  Starport Reactor  
  33  3:30  Marine  
  33  3:32  Siege Tank  
  37  3:41  Barracks  
  37  3:48  Marine  
  37  3:51  Medivac  
  40  3:56  Supply Depot  
  40  4:01  SCV  
  41  4:06  Marine  
  41  4:09  Medivac  
  44  4:22  Liberator  
  44  4:23  Missile Turret  
  44  4:27  Marine  
  45  4:33  Marine  
  45  4:45  Marine  
  49  4:51  Marine  
  50  4:55  Missile Turret  
  50  4:58  Viking  
  52  5:03  Supply Depot  
  52  5:09  Combat Shields  
  52  5:11  Marine  
  52  5:12  Marine  
  54  5:34  Command Center  
  54  5:56  Liberator  
  48  6:08  Marine x2  
  48  6:10  Siege Tank  
  56  6:26  Marine  
  57  6:44  Marine x2  
  57  6:45  Siege Tank  
  58  7:25  Liberator  
  58  7:30  Orbital Command  
  58  7:31  SCV  
  59  7:40  Marine  
  59  7:41  Marine  
  59  7:42  Siege Tank  
  59  7:43  SCV  
  68  7:55  SCV  
  68  7:56  Terran Infantry Weapons Level 1  
  69  7:58  Marine  
  69  7:59  Supply Depot  
  69  8:01  SCV  
  69  8:05  Marine  
  72  8:07  SCV  
  70  8:13  SCV  
  70  8:16  Marine  
  70  8:19  SCV  
  71  8:25  SCV  
  72  8:30  Viking x2, Siege Tank  
  79  8:36  Refinery  
  79  8:38  Refinery  
  79  8:39  SCV  
  80  8:51  SCV  
  81  9:05  Viking x2  
  81  9:08  Barracks Reactor  
  85  9:10  Barracks  
  83  9:33  Marine, Command Center  
  83  9:35  Viking  
  86  9:48  Supply Depot  
  86  9:49  Missile Turret  
  86  10:00  Supply Depot  
  86  10:02  Supply Depot  
  86  10:03  Barracks Reactor  
  86  10:04  Supply Depot  
  86  10:05  Starport  
  86  10:09  Marine x3  
  86  10:11  Supply Depot, Missile Turret  
  85  10:19  Viking  
  87  10:25  Armory  
  87  10:33  Supply Depot  
  87  10:50  Marine x2  
  87  10:51  Marine x3  
  92  10:57  Orbital Command  
  92  10:58  SCV x2  
  92  11:03  Starport Reactor  
  94  11:10  SCV x2  
  96  11:17  Marine  
  97  11:22  SCV  
  97  11:23  SCV  
  99  11:27  Viking  
  99  11:30  Terran Vehicle Weapons Level 1  
  101  11:35  Terran Infantry Armor Level 1  
  101  11:39  SCV x2  
  103  11:49  Missile Turret  
  103  11:50  Viking x2  
  103  11:52  Marine  
  108  12:04  Starport  
  108  12:07  Siege Tank  
  108  12:08  Viking  
  113  12:13  Missile Turret  
  113  12:14  SCV  
  114  12:26  SCV  
  114  12:29  Armory  
  115  12:33  Supply Depot  
  115  12:36  Supply Depot  
  115  12:37  Supply Depot  
  115  12:43  Siege Tank  
  115  12:44  Marine x3  
  121  12:56  Supply Depot  
  121  13:00  Refinery x2  
  121  13:09  Viking  
  121  13:10  Viking x3  
  129  13:21  Thor  
  129  13:24  Terran Ship Weapons Level 1  
  135  13:28  SCV  
  135  13:33  Missile Turret  
  136  13:36  Barracks  
  136  13:40  SCV  
  137  13:53  Viking  
  137  13:54  Viking x2  
  143  13:56  Starport Tech Lab  
  143  14:05  Marine x4  
  143  14:06  Marine  
  148  14:10  Factory  
  148  14:23  Siege Tank  
  151  14:52  Marine x6  
  152  14:55  Viking x2  
  152  14:59  Command Center  
  161  15:28  Marine x3  
  162  15:29  Viking x3  
  162  15:30  Viking x2  
  174  15:47  Fusion Core  
Show
View Real Time Build Order
Export as new Build Order

capac Terran 

Build Orders:  

Get SALT Encoding   

  12  0:00  SCV  
  13  0:12  SCV  
  14  0:19  Supply Depot  
  14  0:25  SCV  
  15  0:40  SCV  
  15  0:41  Barracks  
  16  0:46  Refinery  
  16  0:52  SCV  
  17  1:04  SCV  
  18  1:16  SCV  
  19  1:29  Marine, SCV  
  19  1:31  Supply Depot  
  21  1:41  Orbital Command  
  21  1:48  Factory  
  21  1:50  Marine  
  22  2:06  SCV  
  23  2:12  Marine  
  24  2:20  Command Center  
  24  2:28  SCV  
  25  2:35  Starport  
  25  2:37  Factory Tech Lab  
  25  2:40  Refinery  
  24  2:46  Marine  
  24  2:49  SCV  
  26  3:00  Barracks  
  26  3:06  SCV  
  26  3:10  Marine  
  31  3:23  Siege Tank  
  31  3:31  SCV  
  31  3:32  Supply Depot  
  33  3:48  Bunker  
  33  3:50  SCV  
  33  3:54  Barracks Tech Lab  
  34  3:55  Siege Tank  
  34  3:56  Supply Depot  
  34  4:02  SCV  
  38  4:06  SCV  
  39  4:12  Marine  
  39  4:18  Barracks  
  39  4:22  SCV x2  
  41  4:33  Marine x2  
  41  4:37  Stimpack  
  43  4:45  SCV  
  43  4:46  SCV  
  45  4:54  Siege Tank  
  45  4:55  Medivac  
  50  5:12  Barracks Reactor  
  50  5:15  SCV  
  50  5:16  SCV  
  52  5:22  Refinery  
  52  5:24  Refinery, Marine  
  52  5:25  Barracks Reactor  
  53  5:28  Siege Tank  
  53  5:31  Starport Reactor  
  56  5:39  Supply Depot, SCV  
  56  5:42  Marine, Orbital Command  
  58  5:55  Liberator  
  51  6:15  Marine  
  51  6:16  Marine x3  
  58  6:22  Bunker  
  43  7:29  Viking x2  
  38  7:59  Viking x2  
  38  8:02  Starport  
  38  8:03  Starport  
  40  8:27  Marine x3  
  40  8:28  Marine  
  40  8:29  Siege Tank  
  47  8:34  Viking x2  
  47  8:35  Liberator  
  51  8:42  Liberator  
  57  9:09  Marine x3  
  59  9:10  Marine x2  
  62  9:18  Viking x2  
  66  10:30  Liberator  
  69  11:23  Liberator x3  
  69  11:28  Command Center  
  78  12:45  Liberator x2  
  78  12:47  Engineering Bay  
  78  12:59  Starport Reactor  
  84  13:22  Missile Turret  
  84  13:24  SCV  
  85  13:27  Orbital Command  
  85  13:36  SCV  
  87  13:48  SCV  
  87  13:51  Marine  
  87  13:52  Marine x4  
  92  13:56  SCV  
  92  14:00  SCV  
  94  14:03  Missile Turret  
  94  14:34  Refinery, Missile Turret  
  94  14:35  Refinery  
  94  15:00  Missile Turret  
  94  15:12  SCV x2  
  93  15:24  SCV  
Tags
 
Composition
MMM Bio
League
GoldGold
Matchup
TvT
Race
Terran
Add a new tag
Caveats
  • Supply blocks, unpowered buildings, or Contaminate may cause inaccurate times.
  • Supply counts are checked every 10 seconds.